 Dungeon Crawl Stone Soup version 0.28-a0-175-gb2089b6bb7 (webtiles) character file.

Game seed: 202756157141817337

5349 Gunterle the Fighter (level 10, -6/126 HPs)
             Began as an Ogre Monk on Aug 17, 2021.
             Mangled by a hornet (14 damage)
             ... on level 9 of the Dungeon.
             The game lasted 00:34:56 (12480 turns).

Gunterle the Fighter (Ogre Monk)                   Turns: 12480, Time: 00:34:57

Health: -6/126     AC:  3    Str: 17    XL:     10   Next: 65%
Magic:  10/10      EV: 12    Int: 14    God:
Gold:   101        SH:  0    Dex: 11    Spells: 9/9 levels left

rFire   + . .      SeeInvis .   c - +8 great mace of Lees {vamp, rF+}
rCold   . . .      Faith    .   (shield currently unavailable)
rNeg    . . .      Spirit   .   b - +0 robe
rPois   .          Reflect  .   (helmet restricted)
rElec   .          Harm     .   I - scarf {repulsion}
rCorr   .          Rampage  .   (gloves unavailable)
Will    ++...                   (boots unavailable)
Stlth   ++........              G - amulet of Vitality {Regen+ HP+15}
HPRegen 1.31/turn               B - ring of willpower
MPRegen 0.12/turn               (no ring)

@: lethally poisoned (-6 -> -17), about to teleport, slowed, repel missiles,
very slow
A: large, unfitting armour, tough skin 1
a: no special abilities


You were on level 9 of the Dungeon.
You visited 2 branches of the dungeon, and saw 10 of its levels.

You collected 2057 gold pieces.
You spent 1956 gold pieces at shops.

Inventory:

Hand Weapons
 a - a +0 mace
 c - the +8 great mace of Lees (weapon) {vamp, rF+}
   (You bought it in a shop on level 4 of the Dungeon)

   It occasionally heals its wielder for a portion of the damage dealt when it
   wounds a living foe.
   rF:        It protects you from fire.
 k - a +0 flail
 n - a +0 giant spiked club
 t - a +2 quarterstaff of chaos
 E - the +5 hand axe "Giasm" {elec, rElec Will+ Str+4 Int-4}
   (You took it off an orc on level 6 of the Dungeon)

   It occasionally discharges a powerful burst of electricity upon striking a
   foe.
   Str:       It affects your strength (+4).
   Int:       It affects your intelligence (-4).
   rElec:     It insulates you from electricity.
   Will:      It increases your willpower.
Missiles
 d - 3 boomerangs (quivered)
 e - 330 stones
 f - 4 silver boomerangs
 p - 8 javelins
 v - a throwing net
 M - 27 poisoned darts
Armour
 b - a +0 robe (worn)
 s - a +0 cloak
 I - a scarf of repulsion (worn)
Jewellery
 r - a ring of fire
 B - a ring of willpower (left hand)
 G - the amulet of Vitality (around neck) {Regen+ HP+15}
   (You bought it in a shop on level 4 of the Dungeon)

   [amulet of regeneration]

   HP:        It affects your health (+15).
   Regen:     It increases your rate of health regeneration.
Wands
 o - a wand of acid (8)
 q - a wand of flame (23)
 A - a wand of mindburst (14)
 N - a wand of iceblast (7)
Scrolls
 i - a scroll of teleportation
 m - 2 scrolls of noise
 w - a scroll of silence
 x - a scroll of fear {unknown}
 y - 2 scrolls of amnesia
 C - a scroll of holy word {unknown}
 F - a scroll of enchant weapon {unknown}
 H - a scroll of enchant armour {unknown}
 J - a scroll of blinking {unknown}
 K - a scroll of magic mapping {unknown}
Potions
 g - 3 potions of attraction
 h - 2 potions of cancellation
 j - 3 potions of curing
 l - a potion of haste
 u - a potion of resistance
 z - 3 potions of lignification
 D - a potion of ambrosia
 L - a potion of magic {unknown}
 O - a potion of brilliance {unknown}


   Skills:
 + Level 10.7 Fighting
 * Level 10.4 Maces & Flails
 + Level 7.6 Dodging
 - Level 1.4 Stealth


You had 9 spell levels left.
You didn't know any spells.
Your spell library was empty.

Dungeon Overview and Level Annotations

Branches:
Dungeon (9/15)             Temple (1/1) D:7
   Lair: D:8-11         Orc: D:9-12

Altars:
Cheibriados
Dithmenos
Elyvilon
Fedhas
Gozag
Kikubaaqudgha
Makhleb
Nemelex Xobeh
Okawaru
Qazlal
Ru
Sif Muna
Trog
Uskayaw
Vehumet
Wu Jian
Xom
Yredelemnul
Zin
The Shining One

Shops:
D:4 *


Innate Abilities, Weirdness & Mutations

You are too large for most types of armour.
You have tough skin. (AC +1)


Message History

You feel very sick.
The hornet stings you but does no damage.
The hornet closely misses you. The hornet stings you!
You are more poisoned.
You feel yourself slow down.
You barely miss the hornet.
The hornet is severely wounded.
You feel extremely sick. The hornet misses you. The hornet stings you.
You feel as though you will be slow longer.
Unknown command.
You closely miss the hornet.
The hornet is severely wounded.
You feel very sick. The hornet stings you!
You feel as though you will be slow longer.
The hornet stings you!
You feel as though you will be slow longer.
The hornet stings you!
You suddenly lose the ability to move!
You feel sick. The hornet stings you!
You are more poisoned.
You feel as though you will be slow longer.
You feel very sick. The hornet stings you!
* * * LOW HITPOINT WARNING * * *
You shrug off the repeated paralysis!
The hornet stings you.
* * * LOW HITPOINT WARNING * * *
You feel as though you will be slow longer.
You can move again.
Okay, then.
Okay, then.
Okay, then.
As you read the scroll of teleportation, it crumbles to dust.
You feel strangely unstable.
You feel very sick. The hornet stings you!
* * * LOW HITPOINT WARNING * * *
You are lethally poisoned!
You shrug off the repeated paralysis!
The hornet stings you!
You die...

# ..#)#...# #
#.##.###.# #
.. #.# #.# ##
# .## #.# #.#
.# ##. # ##.#
#.# .###..
#..# #.#
..##.#
####.## #.#
#.##.# #....#
#.#
#.##.###.####
#@#
#.##.##..#
#y#
#.#.....##
#...y....
.....####
.........
....##
..#..#####
......# ..#
#.# ....#....
### ..
....##....
### ##..#
.##.


You could see a hornet.

Vanquished Creatures
  A two-headed ogre (D:8)
  4 slime creatures
  A wyvern (D:8)
  A steam dragon (D:8)
  Menkaure (D:4)
  3 water moccasins
  Duvessa (D:7)
  An orc warrior (D:8)
  2 black bears (D:6)
  A necrophage (D:4)
  6 centaurs
  2 ogres
  2 phantoms
  A kobold brigand (D:8)
  A bullfrog (D:9)
  A scorpion (D:3)
  Dowan (D:7)
  2 water moccasin skeletons
  4 wights (D:8)
  9 killer bees
  3 centaur zombies
  A jelly (D:5)
  A bullfrog zombie (D:6)
  3 hounds
  7 orc priests
  Crazy Yiuf (D:5)
  Ijyb (D:3)
  Terence (D:3)
  5 iguanas
  9 orc wizards
  A howler monkey zombie (D:7)
  5 adders
  4 gnolls (D:2)
  A howler monkey skeleton (D:7)
  A white imp (D:6)
  2 adder skeletons (D:4)
  A worm (D:4)
  29 orcs
  9 ball pythons
  5 endoplasms
  3 giant cockroaches
  5 goblins
  8 hobgoblins
  7 quokkas
  6 bats
  A frilled lizard (D:1)
  9 kobolds
  A quokka skeleton (D:4)
  5 rats
180 creatures vanquished.

Vanquished Creatures (others)
  2 kobolds (D:8)
2 creatures vanquished.

Grand Total: 182 creatures vanquished

Notes
Turn   | Place    | Note
-------+----------+-------------------------------------------
     0 | D:1      | Gunterle the Ogre Monk began the quest for the Orb.
     0 | D:1      | Reached XP level 1. HP: 24/24 MP: 1/1
   318 | D:1      | Reached XP level 2. HP: 32/32 MP: 2/2
  1050 | D:1      | Reached XP level 3. HP: 37/40 MP: 3/3
  1147 | D:1      | Found a faded altar of an unknown god.
  2294 | D:2      | Reached XP level 4. HP: 45/49 MP: 4/4
  3117 | D:3      | Identified a scroll of acquirement
  3117 | D:3      | Acquired 897 gold pieces
  3255 | D:3      | HP: 1/49 [orc priest/divine providence (13)]
  3272 | D:3      | Reached skill level 5 in Fighting
  3272 | D:3      | Reached XP level 5. HP: 21/57 MP: 5/5
  3492 | D:4      | Noticed Menkaure
  3492 | D:4      | Noticed a centaur
  3793 | D:4      | Noticed a black bear
  4148 | D:3      | Reached XP level 6. HP: 55/66 MP: 6/6
  4372 | D:3      | Found a sacrificial altar of Ru.
  4565 | D:3      | Reached skill level 5 in Maces & Flails
  4795 | D:4      | HP: 2/67 [centaur (2)]
  4798 | D:4      | Found Wuset's General Store.
  4800 | D:4      | Bought the +8 great mace of Lees {vamp, rF+} for 882 gold
                  | pieces
  4800 | D:4      | Bought a scroll of teleportation for 36 gold pieces
  4957 | D:4      | Killed Menkaure
  4958 | D:4      | Reached XP level 7. HP: 51/75 MP: 7/7
  5670 | D:3      | Noticed Ijyb
  5678 | D:3      | Killed Ijyb
  5903 | D:3      | Noticed Terence
  5910 | D:3      | Killed Terence
  6192 | D:5      | Entered Level 5 of the Dungeon
  6207 | D:4      | Reached XP level 8. HP: 59/87 MP: 8/8
  6453 | D:5      | Found a glowing silver altar of Zin.
  6525 | D:5      | Found a runed translucent door.
  6526 | D:5      | Noticed Crazy Yiuf
  6530 | D:5      | Killed Crazy Yiuf
  6602 | D:5      | Reached skill level 5 in Dodging
  6875 | D:4      | Bought a scroll of silence for 90 gold pieces
  7521 | D:6      | Reached XP level 9. HP: 74/96 MP: 9/9
  7754 | D:6      | Identified the +3 leather armour of Hophalu {Str+4 Int+4}
  7805 | D:6      | Found a blossoming altar of Fedhas.
  7926 | D:6      | Found a snail-covered altar of Cheibriados.
  8122 | D:7      | Noticed Duvessa
  8124 | D:7      | Noticed Dowan
  8134 | D:7      | Killed Duvessa
  8138 | D:7      | Killed Dowan
  8139 | D:7      | Found a shadowy altar of Dithmenos.
  8857 | D:7      | Identified the +5 hand axe "Giasm" {elec, rElec Will+ Str+4
                  | Int-4}
  9152 | D:7      | Found a staircase to the Ecumenical Temple.
  9538 | Temple   | Entered the Ecumenical Temple
 10224 | Temple   | Reached XP level 10. HP: 110/110 MP: 10/10
 10325 | D:7      | Reached skill level 10 in Fighting
 10613 | D:8      | Found a sparkling altar of Nemelex Xobeh.
 10733 | D:8      | Found a bloodstained altar of Trog.
 10798 | D:8      | Noticed a two-headed ogre
 10809 | D:8      | Killed a two-headed ogre
 10810 | D:8      | Reached skill level 10 in Maces & Flails
 11061 | D:8      | Found a shimmering blue altar of Sif Muna.
 11163 | D:8      | Found a white marble altar of Elyvilon.
 12132 | D:9      | Acquired 619 gold pieces
 12221 | D:4      | Bought the amulet of Vitality {Regen+ HP+15} for 948 gold
                  | pieces
 12221 | D:4      | Found the amulet of Vitality {Regen+ HP+15}
 12477 | D:9      | Paralysed by a hornet for 3 turns
 12480 | D:9      | Mangled by a hornet

Illustrated notes

Levels and vault maps discovered:
D:1:      shiori_shiawase, layout_basic, ebering_ecumenical_altar_petrified
D:2:      layout_loops_cross
D:3:      layout_basic, nicolae_ru_path_of_blood, uniq_terence, uniq_ijyb
D:4:      layout_rooms, nicolae_wooded_promenade, hangedman_decor_push,
          uniq_menkaure
D:5:      layout_basic, amcnicky_altar_gilded, uniq_crazy_yiuf_cottage
D:6:      minmay_spotlight, layout_rooms, kennysheep_little_box,
          lemuel_tele_altar
D:7:      layout_cave_pools, mainiacjoe_overflow_tiny_flanked,
          minmay_temple_entry_junction_2, grunt_ministairs_2, uniq_duvessa
D:8:      layout_loops_corners, elyvilon_altar_3, mainiacjoe_overflow_alcove_1,
          nemelex_spade_bored_becter, mainiacjoe_overflow_boulevard,
          serial_rivers, chequers_serial_rivers_room_a,
          chequers_serial_rivers_small_b, chequers_serial_rivers_room_a,
          chequers_serial_rivers_large_a, minmay_misc_feat_rows,
          corexii_checkpoint_b
D:9:      layout_rooms, grunt_temple_overflow_open, minmay_door_square,
          grunt_decor_junction, item_on_display_a
Temple:   minmay_temple_curvy_loop

Skill      XL: |  1  2  3  4  5  6  7  8  9 10 |
---------------+-------------------------------+-----
Maces & Flails | 3 4 5 6 7 9 10 | 10.4
Dodging        | 3 4 5 6 7 |  7.6
Fighting       | 5 6 7 8 9 10 | 10.7
Stealth        | |  1.4

Action                   |  1- 3 |  4- 6 |  7- 9 | 10-12 || total
-------------------------+-------+-------+-------+-------++-------
Melee: Mace              |   105 |       |       |       ||   105
       Flail             |    16 |   147 |       |       ||   163
       Great mace        |       |     7 |   219 |    90 ||   316
Throw: Stone             |     4 |     9 |       |       ||    13
       Boomerang         |       |       |    16 |     7 ||    23
       Javelin           |       |       |       |     5 ||     5
       Throwing net      |       |       |       |     1 ||     1
Evoke: Wand              |       |       |     7 |     1 ||     8
  Use: Scroll            |       |     7 |     5 |     4 ||    16
       Potion            |       |     4 |       |       ||     4
 Stab: Sleeping          |     3 |       |     4 |       ||     7
       Invisible         |       |     1 |       |       ||     1
Armor: Robe              |    38 |    55 |    62 |    16 ||   171
Dodge: Dodged            |    69 |   160 |   169 |    77 ||   475

Table legend: (Time is in decaauts)
 A = Elapsed time spent in this place.
 B = Non-inter-level travel time spent in this place.
 C = Inter-level travel time spent in this place.
 D = Time resting spent in this place.
 E = Time spent auto-exploring this place.
 F = Levels seen in this place.
 G = Mean time per level.
                   A        B        C        D        E       F      G
               +--------+--------+--------+--------+--------+-----+--------+
         Total |  12685 |  11876 |    809 |   4425 |   5342 |  10 | 1268.5 |
       Dungeon |  12322 |  11534 |    788 |   4299 |   5153 |   9 | 1369.1 |
        Temple |    362 |    341 |     21 |    126 |    189 |   1 |  362.0 |
               +--------+--------+--------+--------+--------+-----+--------+

Top non-repeatable levels by time:
     D:3: 2383 daAuts
     D:8: 1912 daAuts
     D:6: 1619 daAuts
     D:1: 1549 daAuts
     D:7: 1378 daAuts
     D:4: 1295 daAuts
     D:2: 1288 daAuts
     D:5: 754 daAuts
  Temple: 362 daAuts
     D:9: 141 daAuts
